 Dungeon Crawl Stone Soup version 0.19-a0-27-g415f530 (webtiles) character file.

173 epen the Sneak (level 5, 0/37 HPs)
             Began as a Vampire Enchanter on May 1, 2016.
             Slain by an orc priest (3 damage)
             ... on level 3 of the Dungeon.
             The game lasted 00:08:36 (3979 turns).

epen the Sneak (Vampire Enchanter)                  Turns: 3979, Time: 00:08:37

Health: 0/37       AC:  3    Str:  7    XL:     5   Next: 28%
Magic:  2/8        EV: 14    Int: 17    God:
Gold:   128        SH:  2    Dex: 16    Spells: 4 memorised, 0 levels left

rFire  . . .     SeeInvis +     a - +1 dagger
rCold  + + .     Gourm    .     b - +1 robe
rNeg   + + +     Faith    .     (no shield)
rPois  +         Spirit   .     (no helmet)
rElec  .         Dismiss  .     (no cloak)
rCorr  .         Reflect  +     (no gloves)
SustAt .         Harm     .     (no boots)
MR     .....                    o - +2 amulet of reflection
Stlth  ++++......               (no ring)
                                m - ring of poison resistance

@: regenerating slowly, not resistant to hostile enchantments, stealthy
A: fangs 3, see invisible, unbreathing
a: Bat Form


You were on level 3 of the Dungeon.
You were near bloodless.

You visited 1 branch of the dungeon, and saw 3 of its levels.

You collected 128 gold pieces.

Inventory:

Hand Weapons
 a - a +1 dagger (weapon)
Armour
 b - a +1 robe (worn)
Jewellery
 m - a ring of poison resistance (left hand)
 o - a +2 amulet of reflection (around neck)
Wands
 q - a wand of polymorph (13/24)
Scrolls
 f - 2 scrolls of enchant armour {unknown}
 g - 2 scrolls of remove curse {unknown}
 i - a scroll of blinking {unknown}
 j - a scroll of fear {unknown}
 k - 2 scrolls of identify {unknown}
 r - a scroll of immolation {unknown}
Potions
 d - 16 potions of blood
 e - a potion of curing {unknown}
 h - a potion of flight {unknown}
 l - 2 potions of mutation {unknown}
 n - a potion of degeneration {unknown}
 p - 2 potions of cure mutation {unknown}
Books
 c - a book of Maledictions

   Spells                             Type                      Level
   a - Corona                         Hexes                        1
   b - Ensorcelled Hibernation        Hexes/Ice                    2
   c - Confuse                        Hexes                        3
   d - Tukima's Dance                 Hexes                        3
   e - Dazzling Spray                 Conjuration/Hexes            3


   Skills:
 + Level 1.5 Fighting
 * Level 2.5 Short Blades
 * Level 3.5 Dodging
 + Level 5.7 Stealth
 + Level 2.6 Spellcasting
 + Level 4.7 Hexes


You couldn't memorise any spells.
You knew the following spells:

 Your Spells              Type           Power        Failure   Level  Hunger
a - Corona                Hex            ###....      2%          1    #......
b - Ensorcelled Hibernat  Hex/Ice        ##....       12%         2    ##.....
c - Tukima's Dance        Hex            ###.....     10%         3    ###....
d - Confuse               Hex            ###.....     10%         3    ###....


Dungeon Overview and Level Annotations

Branches:
Dungeon (3/15)

Altars:
Pakellas


Innate Abilities, Weirdness & Mutations

You heal slowly.
You have razor-sharp teeth.
You have supernaturally acute eyesight.
You can survive without breathing.


Message History

You bite the orc priest, but do no damage.
The orc priest is heavily wounded.
The adder bites your hand axe but does no damage.
The orc priest closely misses you.
You barely miss the orc priest.
The orc priest is heavily wounded.
The adder bites your hand axe.
The orc priest calls down the wrath of Beogh upon you.
Beogh smites you!
* * * LOW HITPOINT WARNING * * *
Your hand axe hits the orc priest.
Your hand axe hits the adder.
The adder bites your hand axe.
Casting: Tukima's Dance
Confirm with . or Enter, or press ? or * to list all spells.
Aiming: Ensorcelled Hibernation
Press: ? - help, Shift-Dir - straight line, f/p - orc priest
Aim: an orc priest (heavily wounded, chance to defeat MR: 41%)
The orc priest resists with some effort.
The orc priest hits you.
You die... ##.## ##)###. # #.# #..... #. #.# #####. #.# ## ##'## ##)# oS...

##.).## #... ..#)
##..<..## ##.# ##..
##.......## #..
##...####.........####..
#....(o@'.).......'.....
##..S####.........####..
##.. ##.......## #.. #..
##.....## #.# ..#
##...### #.# ##. #.....#
#.# ## ### #..##.# #..
.... #..##.# ###
#..##..##.#


You could see an orc priest, an adder and a friendly hand axe.

Vanquished Creatures
  An orc wizard (D:3)
  Robin (D:2)
  4 adders (D:2)
  An ooze (D:2)
  An adder skeleton (D:2)
  An adder zombie (D:2)
  3 worms (D:2)
  2 dart slugs (D:1)
  A giant gecko (D:2)
  2 orcs
  A ball python (D:1)
  3 bat skeletons (D:2)
  3 bat zombies (D:2)
  11 goblins
  12 hobgoblins
  2 jackals (D:2)
  2 quokkas (D:2)
  7 bats
  A giant newt (D:1)
  6 kobolds
  3 rats
68 creatures vanquished.

Vanquished Creatures (others)
  A deep elf knight (D:2)
  2 dancing weapons
3 creatures vanquished.

Grand Total: 71 creatures vanquished

Notes
Turn   | Place    | Note
--------------------------------------------------------------
     0 | D:1      | epen the Vampire Enchanter began the quest for the Orb.
     0 | D:1      | Reached XP level 1. HP: 13/13 MP: 3/3
   407 | D:1      | Reached XP level 2. HP: 16/19 MP: 5/5
   413 | D:1      | Learned a level 2 spell: Ensorcelled Hibernation
  1041 | D:2      | Reached skill level 1 in Fighting
  1041 | D:2      | Reached XP level 3. HP: 11/26 MP: 2/6
  1225 | D:2      | Learned a level 3 spell: Tukima's Dance
  1691 | D:2      | Noticed Robin
  1829 | D:2      | Reached skill level 5 in Stealth
  2181 | D:2      | Reached XP level 4. HP: 11/32 MP: 3/7
  3207 | D:2      | Found an oddly glowing altar of Pakellas.
  3208 | D:2      | Noticed a deep elf knight
  3213 | D:2      | Killed a deep elf knight
  3523 | D:2      | Killed Robin
  3769 | D:2      | Reached XP level 5. HP: 37/37 MP: 5/8
  3846 | D:2      | Learned a level 3 spell: Confuse
  3979 | D:3      | Slain by an orc priest

Vault maps used:
D:1:      evilmike_arrival_plus, kennysheep_small_spiral, roderic_lattice_a
D:2:      serial_undead, serial_undead_c, serial_undead_d, serial_undead_a,
          serial_undead_f, gammafunk_pakellas_spire_experiment, uniq_robin
D:3:      grunt_gozag_statues

Skill      XL: |  1  2  3  4 |
---------------+-------------+-----
Fighting       | 1 |  1.5
Short Blades   | 2 |  2.5
Stealth        | 5 |  5.7
Dodging        | 3 |  3.5
Spellcasting   | |  2.6
Hexes          | |  4.7

Action                   |  1- 3 |  4- 6 || total
-------------------------+-------+-------++-------
Melee: Dagger            |   143 |   106 ||   249
       Bite              |    11 |     6 ||    17
 Cast: Corona            |     1 |       ||     1
       Ensorcelled Hiber |     3 |    15 ||    18
       Tukima's Dance    |     2 |     3 ||     5
  Use: Potion            |       |     1 ||     1
 Stab: Sleeping          |    13 |    17 ||    30
Armor: Robe              |    36 |    32 ||    68
Dodge: Dodged            |    95 |    96 ||   191
Block: Other             |       |     6 ||     6
